 Dungeon Crawl Stone Soup version 0.18-a0-1542-g9c1a92e (webtiles) character file.

11956 MenacingMecha the Severer (level 11, -10/99 HPs)
             Began as a Hill Orc Berserker on Mar 9, 2016.
             Was an Elder of Trog.
             Mangled by an eight-headed hydra (12 damage)
             ... on level 1 of the Lair of Beasts.
             The game lasted 00:39:00 (12669 turns).

MenacingMecha the Severer (Hill Orc Berserker)     Turns: 12669, Time: 00:39:01

Health: -10/99     AC: 17    Str: 23    XL:     11   Next: 85%
Magic:  11/11      EV:  9    Int:  7    God:    Trog [****..]
Gold:   662        SH:  5    Dex: 11    Spells: 0 memorised, 10 levels left

rFire  + + .     SeeInvis .     R - +2 war axe (distort)
rCold  . . .     Gourm    .     T - +2 chain mail {rF+}
rNeg   . . .     Faith    .     P - +2 buckler
rPois  +         Spirit   .     h - +1 helmet
rElec  .         Dismiss  .     M - +0 cloak
rCorr  .         Reflect  .     (no gloves)
SustAt .         Harm     .     (no boots)
MR     .....     Clarity  +     c - amulet of magic regeneration
Stlth  ..........               t - ring of poison resistance
                                m - ring of protection from fire

@: exhausted, slowed, very slow, not resistant to hostile enchantments,
extremely unstealthy
A: icy blue scales 1, clarity
a: Berserk, Trog's Hand, Brothers in Arms, Burn Spellbooks, Renounce Religion


You were on level 1 of the Lair of Beasts.
You worshipped Trog.
Trog was greatly pleased with you.
You were not hungry.

You visited 2 branches of the dungeon, and saw 11 of its levels.
You also visited: Sewer.

You collected 662 gold pieces.

Inventory:

Hand Weapons
 R - a +2 war axe of distortion (weapon)
Missiles
 x - 4 tomahawks of returning
 F - 15 tomahawks (quivered)
Armour
 h - a +1 helmet (worn)
 n - a +1 hat
 z - a +1 ring mail of positive energy
 M - a +0 cloak (worn)
 P - a +2 buckler (worn)
 T - a +2 chain mail of fire resistance (worn)
Jewellery
 c - an amulet of magic regeneration (around neck)
 m - a ring of protection from fire (left hand)
 s - an uncursed ring of positive energy
 t - a ring of poison resistance (right hand)
Wands
 A - a wand of enslavement (14/24)
 B - a wand of acid (5/15)
 D - a wand of iceblast (15/15)
 L - a wand of flame (38/48)
 N - a wand of lightning (7/15)
 O - a wand of lightning (8/15)
 V - a wand of confusion (22/48)
 W - a wand of enslavement (15/24)
Scrolls
 d - 3 scrolls of magic mapping
 e - 9 scrolls of remove curse
 w - 7 scrolls of identify
 G - 3 scrolls of teleportation
 H - a scroll of recharging
 S - a scroll of fear
 X - a scroll of enchant weapon
Potions
 a - a potion of lignification {unknown}
 b - a potion of agility
 g - 3 potions of haste
 j - 2 potions of cancellation
 k - 6 potions of curing
 l - a potion of cure mutation
 q - 2 potions of flight
 r - a potion of ambrosia
 u - 2 potions of heal wounds
 v - a potion of invisibility
 U - a potion of degeneration {unknown}
Books
 o - a book of Minor Magic

   Spells                             Type                      Level
   a - Magic Dart                     Conjuration                  1
   b - Blink                          Translocation                2
   c - Call Imp                       Summoning                    2
   d - Repel Missiles                 Charms/Air                   2
   e - Slow                           Hexes                        2
   f - Conjure Flame                  Conjuration/Fire             3
   g - Mephitic Cloud                 Conjuration/Poison/Air       3
   Trog disapproves of the use of such an item.
 y - a book of Death

   Spells                             Type                      Level
   a - Corpse Rot                     Necromancy                   2
   b - Sublimation of Blood           Necromancy                   2
   c - Agony                          Necromancy                   5
   d - Dispel Undead                  Necromancy                   5
   e - Excruciating Wounds            Charms/Necromancy            5
   f - Bolt of Draining               Conjuration/Necromancy       5
   Trog disapproves of the use of such an item.
 E - a book of the Earth

   Spells                             Type                      Level
   a - Leda's Liquefaction            Hexes/Earth                  4
   b - Bolt of Magma                  Conjuration/Fire/Earth       5
   c - Statue Form                    Transmutation/Earth          6
   d - Iron Shot                      Conjuration/Earth            6
   e - Shatter                        Earth                        9
   Trog disapproves of the use of such an item.
 K - an Akashic Record

   Spells                             Type                      Level
   a - Dispersal                      Translocation                6
   b - Malign Gateway                 Summoning/Translocation      7
   c - Disjunction                    Translocation                8
   d - Controlled Blink               Translocation                8
   Trog disapproves of the use of such an item.
Miscellaneous
 p - a fan of gales
Comestibles
 f - 8 meat rations
 I - 5 bread rations
 J - 3 beef jerkies
 Q - 3 fruits


   Skills:
 + Level 10.0 Fighting
 - Level 17.5 Axes
 + Level 2.8 Throwing
 + Level 6.8 Armour
 + Level 5.0 Dodging


You had 10 spell levels left.
You didn't know any spells.

Dungeon Overview and Level Annotations

Branches:
Dungeon (10/15)            Temple (0/1) D:6            Lair (1/8) D:9
    Orc (0/2) D:9

Altars:
Fedhas
Nemelex Xobeh
Ru
The Shining One

Shops:
D:8 :

Annotations:
D:3 FrancescoMac's ghost, amateur MiGl
D:4 Pikel
D:8 4 runed doors


Innate Abilities, Weirdness & Mutations

You are partially covered in icy blue scales (AC +1).
You possess an exceptional clarity of mind.


Message History

Your ogre looks more healthy.
Your ogre rages. x4
Your ogre is no longer berserk.
Your ogre disappears in a puff of smoke!
An eight-headed hydra is nearby!
Your two-headed ogre goes berserk!
You feel somewhat more hungry.
Your two-headed ogre barely misses the eight-headed hydra.
Your two-headed ogre hits the eight-headed hydra with a giant club!!
The eight-headed hydra bites you.
* * * LOW HITPOINT WARNING * * *
The eight-headed hydra bites you.
* * * LOW HITPOINT WARNING * * *
The eight-headed hydra bites you!
* * * LOW HITPOINT WARNING * * *
The eight-headed hydra bites you but does no damage.
The eight-headed hydra bites you.
* * * LOW HITPOINT WARNING * * *
The eight-headed hydra bites you!
You die...

..............(....
...................
...............=...
...................
####....########..
#########†.#######.PP
...................P
.......DO...........
#########@##..###.#..#
..#P.#########..#######
.........................
..........................
#..............##########.
## #.............##### ..
................... ..
................... ##
#...............


You could see an eight-headed hydra and a friendly two-headed ogre (berserk).

Vanquished Creatures
  Erolcha (D:8)
  Erica (D:10)
  The ghost of P0WERM0DE the Frost Mage, a novice DrIE of Ashenzari (D:9)
  An unseen horror (D:10)
  A centaur skeleton (D:10)
  A two-headed ogre (D:10)
  Grinder (D:6)
  Prince Ribbit (D:8)
  A wyvern (D:9)
  A basilisk (Lair:1)
  A hippogriff (D:7)
  A steam dragon (D:9)
  2 wolves (D:8)
  A warg (D:9)
  6 porcupines
  Duvessa (D:6)
  3 orc warriors
  A water moccasin (D:9)
  Purgy (Sewer)
  A necrophage (D:9)
  An eye of draining (D:9)
  4 ice beasts
  A slave (D:4)
  2 black bears
  3 sky beasts
  7 ogres
  2 phantoms
  3 centaurs
  4 crocodiles
  4 giant frogs
  A wyvern zombie (D:7)
  A gnoll sergeant (D:9)
  Dowan (D:6)
  4 jellies
  2 scorpions
  2 howler monkeys (D:7)
  A crimson imp (D:7)
  4 hounds
  2 giant frog zombies (D:5)
  13 orc priests
  A giant frog skeleton (D:5)
  A gnoll shaman (D:7)
  6 orc wizards
  3 iguanas
  4 worker ants
  6 sheep
  2 hound skeletons
  A hound zombie (D:5)
  A worker ant zombie (D:5)
  12 adders
  12 gnolls
  5 river rats
  A shadow imp (D:6)
  An ooze (D:7)
  An adder skeleton (D:8)
  4 worms
  2 dart slugs (D:5)
  A giant gecko (D:10)
  54 orcs
  3 ball pythons
  4 giant cockroaches
  5 goblins
  4 hobgoblins
  4 jackals
  4 quokkas
  5 bats
  3 giant newts
  10 kobolds
  7 rats
  A plant (D:9)
258 creatures vanquished.

Vanquished Creatures (collateral kills)
  Maud (D:10)
  A hydra (Lair:1)
  A centaur skeleton (D:10)
  Grum (D:8)
  2 wolves (D:8)
  A water moccasin (Lair:1)
  An ogre (D:7)
  A crocodile (Lair:1)
  A worker ant (D:10)
10 creatures vanquished.

Vanquished Creatures (others)
  A spiny frog (Lair:1)
  A spriggan (D:9)
  A hound (D:10)
  An orc (D:10)
  A plant (D:9)
5 creatures vanquished.

Grand Total: 273 creatures vanquished

Notes
Turn   | Place    | Note
--------------------------------------------------------------
     0 | D:1      | MenacingMecha the Hill Orc Berserker began the quest for the Orb.
     0 | D:1      | Reached XP level 1. HP: 19/19 MP: 1/1
   302 | D:1      | Reached XP level 2. HP: 24/26 MP: 2/2
   670 | D:2      | Reached skill level 5 in Axes
  1043 | D:2      | Reached XP level 3. HP: 23/31 MP: 3/3
  1424 | D:2      | Found a faded altar to an unknown god.
  1477 | D:2      | Found a blossoming altar of Fedhas.
  1578 | D:2      | Found a sacrificial altar of Ru.
  1671 | D:3      | Reached skill level 6 in Axes
  1695 | D:3      | Reached ** piety under Trog
  1711 | D:3      | Reached XP level 4. HP: 11/39 MP: 4/4
  2208 | D:3      | Reached skill level 7 in Axes
  2404 | D:3      | Noticed FrancescoMac's ghost (amateur MiGl)
  2502 | D:4      | Reached XP level 5. HP: 45/45 MP: 5/5
  2505 | D:4      | Reached skill level 8 in Axes
  2571 | D:4      | Noticed an ogre
  2582 | D:4      | Killed an ogre
  2582 | D:4      | Reached skill level 9 in Axes
  2582 | D:4      | Reached XP level 6. HP: 51/51 MP: 6/6
  2645 | D:4      | Found a glowing drain.
  2714 | D:4      | Noticed a slave
  2716 | D:4      | Noticed a slave
  2737 | D:4      | Killed a slave
  2879 | Sewer    | Entered a sewer
  2963 | Sewer    | Noticed Purgy
  2969 | Sewer    | Killed Purgy
  2969 | Sewer    | Reached skill level 10 in Axes
  2969 | Sewer    | Reached XP level 7. HP: 57/57 MP: 7/7
  3056 | Sewer    | Reached *** piety under Trog
  3158 | D:5      | Entered Level 5 of the Dungeon
  3365 | D:5      | Reached skill level 11 in Axes
  3722 | D:5      | Reached XP level 8. HP: 64/64 MP: 8/8
  3752 | D:5      | Reached skill level 12 in Axes
  4242 | D:5      | Reached skill level 13 in Axes
  4738 | D:5      | Gained mutation: You are partially covered in icy blue scales (AC +1). [potion of beneficial mutation]
  4999 | D:6      | Noticed Grinder
  5014 | D:6      | Killed Grinder
  5014 | D:6      | Reached skill level 14 in Axes
  5014 | D:6      | Reached XP level 9. HP: 49/70 MP: 9/9
  5070 | D:6      | Found a staircase to the Ecumenical Temple.
  5227 | D:6      | Noticed Duvessa
  5227 | D:6      | Noticed Dowan
  5239 | D:6      | Killed Duvessa
  5239 | D:6      | Killed Dowan
  5246 | D:6      | Found a glowing golden altar of the Shining One.
  5633 | D:7      | Reached skill level 15 in Axes
  5641 | D:7      | Reached **** piety under Trog
  6092 | D:7      | Reached skill level 16 in Axes
  6645 | D:7      | Found a sparkling altar of Nemelex Xobeh.
  6804 | D:8      | Noticed Grum
  6809 | D:8      | Reached XP level 10. HP: 74/80 MP: 10/10
  6834 | D:8      | Reached skill level 5 in Fighting
  6839 | D:8      | Killed Grum
  7199 | D:8      | Noticed Prince Ribbit
  7208 | D:8      | Killed Prince Ribbit
  7339 | D:8      | Found a huge runed gate.
  7339 | D:8      | Found a huge runed gate.
  7339 | D:8      | Found a huge runed gate.
  7339 | D:8      | Found a huge runed gate.
  7339 | D:8      | Noticed a death yak
  7339 | D:8      | Noticed a griffon
  7339 | D:8      | Noticed a griffon
  7340 | D:8      | Noticed a griffon
  7367 | D:8      | Found Ryassyhi's Book Shoppe.
  7377 | D:8      | Noticed Erolcha
  7399 | D:8      | Killed Erolcha
  7935 | D:8      | Reached ***** piety under Trog
  8249 | D:8      | Gained mutation: You possess an exceptional clarity of mind. [potion of beneficial mutation]
  8660 | D:9      | Received a gift from Trog
  8664 | D:9      | Reached skill level 5 in Armour
  9191 | D:8      | Reached skill level 17 in Axes
  9644 | D:9      | Reached XP level 11. HP: 94/94 MP: 11/11
  9837 | D:9      | Noticed P0WERM0DE's ghost (novice DrIE)
  9854 | D:9      | Killed P0WERM0DE's ghost
  9905 | D:9      | Found a staircase to the Lair.
 10119 | D:9      | Found a staircase to the Orcish Mines.
 10237 | D:10     | Entered Level 10 of the Dungeon
 10518 | D:10     | Noticed Maud
 10519 | D:10     | Noticed Erica
 10536 | D:10     | Killed Erica
 10536 | D:10     | Reached skill level 1 in Throwing
 10538 | D:10     | Killed Maud
 11884 | D:10     | Killed an unseen horror
 12372 | Lair:1   | Entered Level 1 of the Lair of Beasts
 12474 | Lair:1   | Reached skill level 5 in Dodging
 12621 | Lair:1   | Noticed a four-headed hydra
 12625 | Lair:1   | Noticed a seven-headed hydra
 12629 | Lair:1   | Killed a four-headed hydra
 12629 | Lair:1   | Reached skill level 10 in Fighting
 12669 | Lair:1   | HP: 2/99 [eight-headed hydra (4)]
 12669 | Lair:1   | Mangled by an eight-headed hydra

Vault maps used:
D:1:      eino_arrival_cavern_d, hangedman_glass_teeth, columned_hall_lemuel
D:2:      fedhas_altar_1, ecumenical_altar_2, nicolae_ru_path_of_blood
D:4:      kennysheep_big_flooded_room, portal_sewer_entry_c, first_bread,
          uniq_pikel, uniq_menkaure, uniq_edmund
D:5:      wad_river_or_something
D:6:      lemuel_round_altar, minmay_temple_entry_poolview, uniq_duvessa,
          uniq_grinder
D:7:      nemelex_dance_club_becter
D:8:      lemuel_bear_cage, serial_shops, shop, uniq_grum, uniq_erolcha,
          uniq_prince_ribbit1
D:9:      minmay_lair_entry_grove, hiddenorc1_lemuel, serial_glass,
          glass_columns_b, glass_columns_b, the_bakery, kennysheep_doodads
D:10:     uniq_erica, uniq_maud
Lair:1:   grunt_megastairs_2, uniq_joseph
Sewer:    kennysheep_door_sewer

Skill      XL: |  1  2  3  4  5  6  7  8  9 10 11 |
---------------+----------------------------------+-----
Axes           | 5 6 7 9 10 11 14 16 17 | 17.5
Fighting       | 4 8 10 | 10.0
Dodging        | 2 3 5 |  5.0
Armour         | 3 5 6 |  6.8
Throwing       | 2 |  2.8

Action                   |  1- 3 |  4- 6 |  7- 9 | 10-12 || total
-------------------------+-------+-------+-------+-------++-------
Melee: Hand axe          |    99 |       |       |       ||    99
       War axe           |    16 |   122 |   364 |   303 ||   805
       Broad axe         |       |       |       |    93 ||    93
Throw: Javelin           |       |       |    27 |     2 ||    29
       Tomahawk          |       |       |     5 |    41 ||    46
       Throwing net      |       |       |       |     1 ||     1
Invok: Berserk           |     1 |     3 |     2 |     6 ||    12
       Trog's Hand       |       |       |     1 |     2 ||     3
       Brothers in Arms  |       |       |     1 |     5 ||     6
  Use: Scroll            |     1 |       |    12 |     6 ||    19
       Potion            |       |       |     5 |     3 ||     8
 Stab: Distracted        |       |       |     1 |       ||     1
  Eat: Bread ration      |     1 |       |       |     1 ||     2
       Chunk             |       |     5 |    16 |    17 ||    38
       Beef jerky        |       |       |       |     1 ||     1
       Pizza             |       |       |       |     2 ||     2
